 Dungeon Crawl Stone Soup version 5.7-8-g3a8b389 (webtiles) character file.

344 Psymania the Gusty (level 8, -3/64 HPs)
             Began as a Gnoll Wanderer on Jan 24, 2020.
             Was an Initiate of Cheibriados.
             Slain by an iguana (5 damage)
             ... on level 5 of the Dungeon.
             The game lasted 00:27:24 (4893 turns).

Psymania the Gusty (Gnoll Wanderer)                 Turns: 4893, Time: 00:27:27

Health: -3/64      AC:  7 (0%)Str: 14   XL:     8   Next: 12%
Magic:  8/13       EV: 14    Int: 14    God:    Cheibriados [0*[26]]
Gold:   356        SH:  0    Dex: 14    Spells: 6/14 levels left

rFire    + . .     SeeInvis .   a - +0 war axe
rCold    . . .     Faith    .   (no shield)
rNeg     + . .     Spirit   .   l - +2 robe {rN+}
rPois    .         Reflect  .   i - +0 helmet
rElec    .                      n - +0 cloak
rCorr    .                      (no gloves)
MR       .....                  (no boots)
Stlth    +++.......             (no amulet)
Regen    0.2/turn               c - +3 ring of slaying
MPRegen  0.2/turn               m - ring of fire

@: very slow
A: no striking features
a: Bend Time, Renounce Religion


You were on level 5 of the Dungeon.
You worshipped Cheibriados.
Cheibriados was noncommittal.
You were not hungry.

You visited 1 branch of the dungeon, and saw 5 of its levels.

You collected 356 gold pieces.

Inventory:

Hand Weapons
 a - a +0 war axe (weapon)
 s - a +0 dagger
Armour
 e - a +0 chain mail
 i - a +0 helmet (worn)
 l - a +2 robe of positive energy (worn)
 n - a +0 cloak (worn)
Jewellery
 c - a +3 ring of slaying (left hand)
 m - a ring of fire (right hand)
Scrolls
 g - a scroll of enchant armour
 h - a scroll of amnesia
 j - 3 scrolls of magic mapping
 k - a scroll of enchant weapon
Potions
 d - 2 potions of mutation
 f - 2 potions of flight
 o - a potion of haste


   Skills:
 + Level 6.0 Fighting
 + Level 4.5 Blades
 + Level 6.0 Axes
 + Level 4.5(5.3) Maces & Staves
 + Level 4.5(5.3) Polearms
 + Level 4.5 Bows & Xbows
 + Level 4.5 Throwing
 + Level 6.0 Armour
 + Level 4.5 Dodging
 + Level 5.8 Stealth
 + Level 4.5 Shields
 + Level 4.5 Unarmed Combat
 + Level 4.5 Hexes
 + Level 4.5 Charms
 + Level 4.5 Summonings
 + Level 4.5 Necromancy
 + Level 4.5 Translocations
 + Level 4.5 Transmutations
 + Level 4.5 Fire Magic
 + Level 4.5 Ice Magic
 + Level 11.7 Air Magic
 + Level 4.5 Earth Magic
 + Level 4.5 Invocations
 + Level 6.0 Evocations


You had 6 spell levels left.
You knew the following spells:

 Your Spells              Type           Power        Failure   Level  Hunger
a - Magic Dart            Air            25 (25)      1%          1    N/A
b - Static Discharge      Air            32 (100)     1%          3    N/A
c - Mephitic Cloud        Hex/Air        22 (100)     11%         4    N/A

Your spell library contained the following spells:

 Spells                   Type           Power        Failure   Level  Hunger
 Repel Missiles           Chrm/Air       22 (100)     1%          2    N/A
 Swiftness                Chrm/Air       22 (100)     1%          2    N/A
 Fulminant Prism          Air            32 (200)     6%          5    N/A

Dungeon Overview and Level Annotations

Branches:
Dungeon (5/15)

Altars:
Cheibriados
Dithmenos
Gozag
Jiyva
Kikubaaqudgha
Makhleb
Okawaru
Qazlal
Ru
Sif Muna
Trog
Vehumet
Wu Jian
Xom
Yredelemnul
Zin
The Shining One

Annotations:
D:5 Eustachio


Message History

The stinking cloud engulfs you!
You are engulfed in noxious fumes (0).
You choke on the stench!
You are confused.
You hear a shout! x2
The iguana is engulfed in noxious fumes (4).
The iguana misses you.
You bump into the stone wall.
You are engulfed in noxious fumes (2).
You choke on the stench!
You shrug off the repeated confusion!
* * * LOW HITPOINT WARNING * * *
Press: ? - help, v - describe, . - travel
Here: an iguana (noxious fumes, moderately wounded, slow)
The floor.
You barely miss the iguana.
The iguana is moderately wounded.
You are engulfed in noxious fumes (0).
You choke on the stench!
You shrug off the repeated confusion!
You feel less confused.
The iguana is engulfed in noxious fumes (3).
The iguana appears confused.
The iguana bites you (5).
You die...

...##.....##....)#.#
#..
.............Z.....#
.##.........##..##.#
##..._...## #.....
#.......[.##...#.#.
....................
...##.....##.ยง#..#.#
..# #..#..###l# ...
.. #..###.. #@# #
.... #.....# .#...
#.....## ### .....##
##...# ###


You could see an iguana (confused).

Vanquished Creatures
  Sigmund (D:3)
  An ice beast (D:5)
  A scorpion (D:3)
  2 howler monkeys
  3 hounds
  A bullfrog skeleton (D:3)
  2 orc wizards (D:5)
  Jessica (D:2)
  Terence (D:3)
  6 worker ants
  4 iguanas
  A hound zombie (D:5)
  2 adders
  An ooze (D:2)
  2 dart slugs (D:3)
  11 orcs
  9 quokkas
  8 bats
  3 giant cockroaches
  3 goblins
  3 hobgoblins
  4 jackals (D:1)
  A ball python (D:3)
  4 frilled lizards
  5 kobolds
  4 rats
  A fungus (D:5)
85 creatures vanquished.

Notes
Turn   | Place    | Note
-------+----------+-------------------------------------------
     0 | D:1      | Psymania the Gnoll Wanderer began the quest for the Orb.
     0 | D:1      | Psymania set off with: a +0 hand axe, a +0 robe
     0 | D:1      | Reached XP level 1. HP: 17/17 MP: 2/2
     1 | D:1      | Learned a level 1 spell: Magic Dart
    86 | D:1      | Reached XP level 2. HP: 16/23 MP: 3/3
   661 | D:1      | Reached XP level 3. HP: 28/29 MP: 5/5
   933 | D:1      | Learned a level 3 spell: Static Discharge
  1107 | D:2      | Found a sacrificial altar of Ru.
  1217 | D:2      | Found a faded altar of an unknown god.
  1409 | D:2      | Found an iron altar of Okawaru.
  1601 | D:2      | Noticed Jessica
  1622 | D:2      | Killed Jessica
  1622 | D:2      | Reached XP level 4. HP: 32/37 MP: 1/6
  1845 | D:2      | Found a snail-covered altar of Cheibriados.
  1845 | D:2      | Found a stormy altar of Qazlal.
  1845 | D:2      | Found a shimmering altar of Xom.
  1845 | D:2      | Found an ancient bone altar of Kikubaaqudgha.
  1845 | D:2      | Found a basalt altar of Yredelemnul.
  1845 | D:2      | Found a glowing silver altar of Zin.
  1846 | D:2      | Found a viscous altar of Jiyva.
  1848 | D:2      | Became a worshipper of Cheibriados the Contemplative
  1899 | D:3      | Noticed Sigmund
  1926 | D:3      | Killed Sigmund
  1926 | D:3      | Reached XP level 5. HP: 11/43 MP: 6/8
  1926 | D:3      | Reached XP level 6. HP: 12/50 MP: 7/10
  2470 | D:3      | Noticed Terence
  2481 | D:3      | Killed Terence
  2660 | D:3      | Reached XP level 7. HP: 41/56 MP: 7/11
  3049 | D:3      | Found a bloodstained altar of Trog.
  3337 | D:3      | Found an ornate altar of the Wu Jian Council.
  3462 | D:4      | Learned a level 4 spell: Mephitic Cloud
  3965 | D:4      | Found a deep blue altar of Sif Muna.
  4061 | D:4      | Found an opulent altar of Gozag.
  4101 | D:4      | Found a radiant altar of Vehumet.
  4288 | D:4      | Found a burning altar of Makhleb.
  4473 | D:4      | Found a glowing golden altar of the Shining One.
  4537 | D:5      | Entered Level 5 of the Dungeon
  4816 | D:5      | Found a shadowy altar of Dithmenos.
  4854 | D:5      | Reached XP level 8. HP: 22/64 MP: 13/13
  4861 | D:5      | Noticed Eustachio
  4890 | D:5      | HP: 3/64 [iguana (3)]
  4893 | D:5      | Slain by an iguana

Action                   |  1- 3 |  4- 6 |  7- 9 || total
-------------------------+-------+-------+-------++-------
Melee: Hand axe          |    57 |       |       ||    57
       Long sword        |    26 |    19 |       ||    45
       Dagger            |     1 |     3 |     2 ||     6
       War axe           |       |    47 |    88 ||   135
       Punch             |       |       |     3 ||     3
Throw: Tomahawk          |       |     1 |       ||     1
 Cast: Magic Dart        |    11 |    13 |     9 ||    33
       Static Discharge  |     1 |     1 |     4 ||     6
       Mephitic Cloud    |       |       |     6 ||     6
Invok: Bend Time         |       |     4 |     7 ||    11
Evoke: Wand              |       |       |     6 ||     6
  Use: Potion            |       |     2 |     1 ||     3
       Scroll            |       |     1 |       ||     1
 Stab: Sleeping          |     3 |     3 |     2 ||     8
       Confused          |       |       |     1 ||     1
Armor: Robe              |     5 |    13 |    11 ||    29
       Ring mail         |    20 |       |       ||    20
       Skin              |       |       |    20 ||    20
Dodge: Dodged            |    62 |    63 |    35 ||   160
